 Dungeon Crawl Stone Soup version 0.29.0-15-g675c0067aa (webtiles) character file.

Game seed: 11783505267201026755

283 sentinel the Magician (level 6, 0/44 HPs)
             Began as a Mummy Wanderer on Sept 11, 2022.
             Slain by a scorpion (6 damage)
             ... on level 5 of the Dungeon.
             The game lasted 00:09:33 (1506 turns).

sentinel the Magician (Mummy Wanderer)              Turns: 1506, Time: 00:09:34

Health: 0/44       AC:  4    Str: 16    XL:     6   Next: 7%
Magic:  14/14      EV: 11    Int: 12    God:
Gold:   83         SH:  0    Dex: 12    Spells: 15/16 levels left

rFire   x . .      SeeInvis .   i - +1 war axe (elec)
rCold   + + .      Faith    .   (no shield)
rNeg    + + +      Spirit   .   g - +1 leather armour
rPois   ∞          Reflect  .   (no helmet)
rElec   .          Harm     .   (no cloak)
rCorr   +          Rampage  .   (no gloves)
Will    .....                   (no boots)
Stlth   +.........              e - amulet of regeneration
HPRegen 0.94/turn               k - ring of resist corrosion
MPRegen 0.14/turn               c - ring of protection from cold

@: no status effects
A: cold resistance 1, negative energy resistance 3, torment resistance 2, heat
vulnerability 1, in touch with death 1, no potions
a: no special abilities


You were on level 5 of the Dungeon.
You visited 1 branch of the dungeon, and saw 6 of its levels.

You collected 182 gold pieces.
You spent 99 gold pieces at shops.

Inventory:

Hand Weapons
 a - a +0 shortbow
 d - a +0 dagger
 h - a +1 sling
 i - a +1 war axe of electrocution (weapon)
Missiles
 b - 8 boomerangs (quivered)
Armour
 g - a +1 leather armour (worn)
Jewellery
 c - a ring of protection from cold (right hand)
 e - an amulet of regeneration (around neck)
 k - a ring of resist corrosion (left hand)
Scrolls
 f - a scroll of fog
 r - a scroll of identify
 u - a scroll of magic mapping


   Skills:
 - Level 2.0 Fighting
 + Level 4.6 Ranged Weapons
 - Level 1.0 Throwing
 + Level 5.7 Spellcasting
 - Level 1.7 Hexes


You had 15 spell levels left.
You knew the following spells:

 Your Spells              Type           Power      Damage    Failure   Level
a - Slow                  Hex            28%        N/A       11%         1

Your spell library contained the following spells:

 Spells                   Type           Power      Damage    Failure   Level
 Tukima's Dance           Hex            7%         N/A       32%         3


Dungeon Overview and Level Annotations

Branches:
Dungeon (6/15) Zot: 26937
 Temple: D:4-7

Altars:
Ashenzari
Ru

Shops:
D:2 ?


Innate Abilities, Weirdness & Mutations

You are immune to poison.
Your flesh is cold resistant. (rC+)
You are immune to negative energy. (rN+++)
You are immune to unholy pain and torment.
You are vulnerable to heat. (rF-)
You are in touch with the powers of death.
You do not drink.


Message History

The sling bullet closely misses the water moccasin.
The water moccasin closely misses you.
Fire: h) +1 sling
Press: ? - help, Q - select action, (/) - cycle Shift-Dir - straight line, f/p - water moccasin
Aim: a water moccasin (lightly wounded, 40% to hit)
You shoot a sling bullet.
The sling bullet closely misses the water moccasin.
The water moccasin bites you. x2
You hear the crackle of electricity.
i - a +1 war axe of electrocution (weapon)
The water moccasin bites you but does no damage.
You slash the water moccasin!
Lightning courses through the water moccasin!
The water moccasin is almost dead.
The water moccasin bites you but does no damage.
The water moccasin bites you!
* * * LOW HITPOINT WARNING * * *
You slash the water moccasin!
You kill the water moccasin!
Your Spellcasting skill increases to level 5!
You have reached level 5!
You feel stronger.
Your +1 war axe of electrocution stops crackling.
h - a +1 sling (weapon)
Unknown command.
Found a coppery potion.
You open the door.
There is an open door here.
Found a scroll of identify.
Autopickup is now on.
Found 14 gold pieces and a scroll of teleportation.
r - a scroll of identify You don't have any unidentified items.
Unknown command.
A hound comes into view.
You shoot a sling bullet. The hound barks!
The sling bullet hits the hound.
The hound is moderately wounded.
You shoot a sling bullet.
The sling bullet closely misses the hound.
An iguana comes into view.
You shoot a sling bullet. The sling bullet hits the hound.
The hound is moderately wounded.
You shoot a sling bullet. The sling bullet hits the hound.
The hound is severely wounded.
The hound bites you. The hound closely misses you.
You shoot a sling bullet. The sling bullet hits the hound.
The hound is almost dead.
The hound misses you. The hound barely misses you.
You shoot a sling bullet. The sling bullet hits the hound!
You kill the hound!
You shoot a sling bullet.
The sling bullet closely misses the iguana.
You shoot a sling bullet. The sling bullet hits the iguana.
The iguana is lightly wounded.
The iguana bites you.
A scorpion comes into view.
You shoot a sling bullet.
The sling bullet barely misses the iguana.
The iguana closely misses you. The iguana bites you!
You shoot a sling bullet. The sling bullet hits the iguana.
The iguana is moderately wounded.
The iguana bites you!
* * * LOW HITPOINT WARNING * * *
Okay, then.
Okay, then.
Blink to where?
Press: ? - help, Dir - move target, p - iguana You can't see that place. [an open door.]
Okay, then.
The iguana attacks as you move away! The iguana misses you.
Blink to where?
Press: ? - help, Dir - move target, p - iguana You can't see that place. [the floor.]
Okay, then.
You are too injured to fight recklessly!
Press: ? - help, v - describe, . - travel
Here: an iguana (moderately wounded)
The floor.
Blink to where?
Press: ? - help, Dir - move target, p - iguana
As you read the scroll of blinking, it crumbles to dust.
You are too injured to fight recklessly!
Fire: h) +1 sling
Press: ? - help, Q - select action, (/) - cycle Shift-Dir - straight line, f - iguana
Aim: an iguana (moderately wounded, 63% to hit)
You shoot a sling bullet. The sling bullet hits the iguana.
The iguana is heavily wounded.
Fire: h) +1 sling
Press: ? - help, Q - select action, (/) - cycle Shift-Dir - straight line, f/p - iguana
Aim: an iguana (heavily wounded, 63% to hit)
You shoot a sling bullet.
The sling bullet closely misses the iguana.
Fire: h) +1 sling
Press: ? - help, Q - select action, (/) - cycle Shift-Dir - straight line, f/p - iguana
Aim: an iguana (heavily wounded, 63% to hit)
You shoot a sling bullet.
The sling bullet closely misses the iguana.
Fire: h) +1 sling
Press: ? - help, Q - select action, (/) - cycle Shift-Dir - straight line, f/p - iguana
Aim: an iguana (heavily wounded, 63% to hit)
You shoot a sling bullet. The sling bullet hits the iguana.
The iguana is severely wounded.
Fire: h) +1 sling
Press: ? - help, Q - select action, (/) - cycle Shift-Dir - straight line, f/p - iguana
Aim: an iguana (severely wounded, 63% to hit)
You shoot a sling bullet.
The sling bullet hits the iguana but does no damage.
The iguana is severely wounded.
Fire: h) +1 sling
Press: ? - help, Q - select action, (/) - cycle Shift-Dir - straight line, f/p - iguana
Aim: an iguana (severely wounded, 63% to hit)
You shoot a sling bullet.
The sling bullet hits the iguana but does no damage.
The iguana is severely wounded.
The iguana bites you.
Fire: h) +1 sling
Press: ? - help, Q - select action, (/) - cycle Shift-Dir - straight line, f/p - iguana
Aim: an iguana (severely wounded, 63% to hit)
Okay, then.
The iguana attacks as you move away! The iguana bites you!
* * * LOW HITPOINT WARNING * * *
Fire: h) +1 sling
Press: ? - help, Q - select action, (/) - cycle Shift-Dir - straight line, f/p - iguana
Aim: an iguana (severely wounded, 63% to hit)
Okay, then.
Fire: h) +1 sling
Press: ? - help, Q - select action, (/) - cycle Shift-Dir - straight line, f/p - iguana
Aim: an iguana (severely wounded, 63% to hit)
Okay, then.
You hear the crackle of electricity.
i - a +1 war axe of electrocution (weapon)
The iguana closely misses you.
You slash the iguana!
You kill the iguana!
You hit the scorpion. The scorpion stings you.
* * * LOW HITPOINT WARNING * * *
You have reached level 6!
You hit the scorpion.
The scorpion is moderately wounded.
The scorpion closely misses you. The scorpion stings you.
* * * LOW HITPOINT WARNING * * *
HP warning!
You closely miss the scorpion.
The scorpion is moderately wounded.
The scorpion stings you.
You die...

# #≈. #≈# ##+########
#≈##.##≈#####..........
##≈≈≈.≈≈≈<...'...........
#.........##.#...........
#.≈≈≈.≈≈≈....#...........
#.≈##.##≈....#.............#
#. #≈. #≈...##............!#
#≈_ #≈..>...............+
#≈≈ #≈..###..@s.........#
### #≈..# #.............#
≈≈≈..# #.............#
.......# #.............#
....... #.............#
....... #.....).......#
....... #########'#####
#.#### #....###


You could see a scorpion.

Vanquished Creatures
  A water moccasin (D:5)
  A jelly (D:2)
  An orc priest (D:4)
  A hound (D:5)
  An iguana (D:5)
  An adder (D:3)
  2 dart slugs (D:2)
  3 orcs
  2 bats
  An endoplasm (D:1)
  5 giant cockroaches
  3 goblins
  5 hobgoblins
  2 kobolds
  2 quokkas
  8 ball pythons
  3 frilled lizards
  5 rats
47 creatures vanquished.

Notes
Turn   | Place    | Note
-------+----------+-------------------------------------------
     0 | D:1      | sentinel the Mummy Wanderer began the quest for the Orb.
     0 | D:1      | sentinel set off with the following items: a +0 shortbow, 8
                  | boomerangs, a +0 dagger, a scroll of fear, a +0 leather
                  | armour; and the following spell memorised: Slow; and the
                  | following spells available to memorise: Tukima's Dance.
     0 | D:1      | Reached XP level 1. HP: 16/16 MP: 2/2
    41 | D:1      | Reached skill level 2 in Spellcasting
   147 | D:1      | Reached XP level 2. HP: 20/22 MP: 5/5
   236 | D:1      | Reached skill level 3 in Spellcasting
   283 | D:2      | Found Asebavank's Magic Scroll Boutique.
   320 | D:2      | Bought a scroll of identify for 22 gold pieces
   320 | D:2      | Bought a scroll of fog for 44 gold pieces
   384 | D:2      | Gained mutation: You are in touch with the powers of death.
                  | [Mummy growth]
   384 | D:2      | Reached XP level 3. HP: 27/27 MP: 8/8
   517 | D:2      | Reached skill level 4 in Spellcasting
   586 | D:2      | Reached XP level 4. HP: 21/33 MP: 10/10
   631 | D:2      | Bought a scroll of identify for 22 gold pieces
   631 | D:2      | Bought a scroll of noise for 11 gold pieces
   693 | D:3      | Found a faded altar of an unknown god.
   908 | D:5      | Entered Level 5 of the Dungeon
   910 | D:5      | Noticed a bullfrog
  1254 | D:5      | Noticed a yak
  1254 | D:5      | Noticed a yak
  1254 | D:5      | Noticed a yak
  1254 | D:5      | Noticed a yak
  1431 | D:5      | Found a sacrificial altar of Ru.
  1431 | D:5      | Found a broken altar of Ashenzari.
  1451 | D:6      | Noticed a water moccasin
  1462 | D:5      | Killed a water moccasin
  1463 | D:5      | Reached skill level 5 in Spellcasting
  1463 | D:5      | Reached XP level 5. HP: 12/38 MP: 11/13
  1505 | D:5      | Reached XP level 6. HP: 9/44 MP: 14/14
  1506 | D:5      | Slain by a scorpion

Illustrated notes

Levels and vault maps discovered:
D:1:      eino_arrival_cavern_b, layout_loops_ring
D:2:      layout_loops_ring, serial_shops, shop
D:3:      layout_rooms, elyvilon_altar_4, serial_shops, shop_statue,
          gammafunk_ghost_gnarly_gnolls, shapermc_ecumenical_altar_notcrosses
D:4:      layout_gridville
D:5:      layout_basic, grunt_temple_overflow_gold_and_silver,
          nicolae_overflow_two_pavilions
D:6:      layout_loops_cross

Skill      XL: |  1  2  3  4 |
---------------+-------------+-----
Spellcasting   | 2 3 4 5 |  5.7
Ranged Weapons | 4 |  4.6
Fighting       | |  2.0
Throwing       | |  1.0
Hexes          | |  1.7

Action                   |  1- 3 |  4- 6 || total
-------------------------+-------+-------++-------
Melee: War axe           |       |     5 ||     5
 Fire: Shortbow          |    30 |       ||    30
       Sling             |    81 |    92 ||   173
  Use: Scroll            |     4 |     6 ||    10
Armor: Leather armour    |    34 |    10 ||    44
Dodge: Dodged            |    46 |    33 ||    79
